 Dungeon Crawl Stone Soup version 0.31-a0-263-ge8cad7f256 (webtiles) character file.

Game seed: 12979386999802524373

94 qw the Shooter (level 4, -5/38 HPs)
             Began as a Minotaur Hexslinger on July 13, 2023.
             Slain by a gnoll
             ... wielding a +0 halberd
              (8 damage)
             ... on level 2 of the Dungeon.
             The game lasted 00:00:22 (998 turns).

qw the Shooter (Minotaur Hexslinger)                 Turns: 998, Time: 00:00:23

Health: -5/38      AC:  3    Str: 12    XL:     4   Next: 38%
Magic:  4/4        EV: 12    Int: 10    God:
Gold:   68         SH:  0    Dex: 15    Spells: 4/5 levels left

rFire   . . .        Y - +1 sling
rCold   . . .        (no shield)
rNeg    . . .        g - +0 leather armour
rPois   .            (helmet restricted)
rElec   .            (no cloak)
rCorr   .            (no gloves)
SInv    .            (no boots)
Will    .....        (no amulet)
Stlth   +            (no ring)
HPRegen 0.26/turn    (no ring)
MPRegen 0.09/turn

%: no passive effects
@: no status effects
A: horns 2, retaliatory headbutt
a: no special abilities


You were on level 2 of the Dungeon.
You visited 1 branch of the dungeon, and saw 2 of its levels.

You collected 68 gold pieces.


Innate Abilities, Weirdness & Mutations

You have a pair of horns on your head.
You reflexively headbutt those who attack you in melee.


   Skills:
 - Level 3.2 Fighting
 + Level 4.3 Ranged Weapons
 - Level 2.1 Dodging
 - Level 1.0 Spellcasting
 - Level 2.0 Hexes


You had 4 spell levels left.
You knew the following spells:

 Your Spells              Type           Power      Damage    Failure   Level
a - Slow                  Hex            16%        N/A       19%         1

Your spell library contained the following spells:

 Spells                   Type           Power      Damage    Failure   Level
 Inner Flame              Hex/Fire       2%         N/A       65%         3
 Portal Projectile        Hex/Tloc       4%         N/A       65%         3
 Cause Fear               Hex            2%         N/A       88%         4

Inventory:

Hand Weapons
 Y - a +1 sling (weapon)
Armour
 g - a +0 leather armour (worn)
Scrolls
 a - 2 scrolls of identify {unknown}
Potions
 f - a potion of curing {unknown}
 h - a potion of brilliance {unknown}
 k - a potion of berserk rage {unknown}

Dungeon Overview and Level Annotations

Branches:
Dungeon (2/15)

Altars:


Message History

You shoot a sling bullet. The sling bullet hits the gnoll!
The gnoll is almost dead.
The gnoll hits you with a +0 club.
You shoot a sling bullet.
The sling bullet hits the gnoll but does no damage.
The gnoll is almost dead.
The gnoll hits you with a +0 club.
You shoot a sling bullet. The sling bullet hits the gnoll!
You kill the gnoll!
The gnoll barely misses you. The gnoll completely misses you.
You shoot a sling bullet.
The sling bullet hits the gnoll but does no damage.
The gnoll hits you with a +0 club.
The gnoll hits you from afar with a +0 halberd!
The gnoll hits you from afar with a +0 spear.
You shoot a sling bullet.
The sling bullet hits the gnoll but does no damage.
The gnoll hits you but does no damage. The gnoll completely misses you.
The gnoll hits you from afar with a +0 spear.
You shoot a sling bullet.
The sling bullet closely misses the gnoll.
The gnoll closely misses you. The gnoll barely misses you.
The gnoll closely misses you. x2; The gnoll misses you.
The hobgoblin hits you. The gnoll misses you.
You shoot a sling bullet. The sling bullet hits the gnoll.
The gnoll is moderately wounded.
The gnoll hits you with a +0 club. The gnoll barely misses you.
The gnoll closely misses you.
The hobgoblin hits you but does no damage.
You shoot a sling bullet. The sling bullet hits the gnoll.
The gnoll is heavily wounded.
The gnoll hits you with a +0 club. The gnoll barely misses you. x2
The hobgoblin barely misses you. You furiously retaliate!
You headbutt the hobgoblin.
You kill the hobgoblin!
You shoot a sling bullet.
The sling bullet barely misses the gnoll.
The gnoll hits you with a +0 club.
The gnoll hits you from afar with a +0 halberd!
You die...

...#.# #..#
#......##......##..
...#.###
##.###......#######.##..
####...##
#......................
..####..#
##......##########.####
..#####.####...........
#.#
...........)%%....####
#.# ..................#
#.# ..................#
#.####
...............g@.#
#.#...
.............###%##
#.#...
........###.###.gg....g.
#.#... ........#
#...#......... #.....
######### #..........gg.
###... .............
#... .......###$. #...
........# . ####
#........#


You could see 3 gnolls.

Vanquished Creatures
  Jessica (D:2)
  Terence (D:2)
  A gnoll (D:2)
  A dart slug (D:2)
  5 endoplasms
  A giant cockroach (D:2)
  A goblin (D:1)
  A hobgoblin (D:2)
  4 jackals (D:2)
  A quokka (D:1)
  2 ball pythons
  3 bats
  4 frilled lizards
  5 kobolds
  3 rats
34 creatures vanquished.

Notes
Turn   | Place    | Note
-------+----------+-------------------------------------------
     0 | D:1      | qw the Minotaur Hexslinger began the quest for the Orb.
     0 | D:1      | Reached XP level 1. HP: 16/16 MP: 1/1
     0 | D:1      | 0 ||| qw: Version: 0.3-a-52-g30416fa
     0 | D:1      | 0 ||| qw: Game counter: 7147
     0 | D:1      | 0 ||| qw: Melee chars always use a shield: true
     0 | D:1      | 0 ||| qw: God list: Okawaru
     0 | D:1      | 0 ||| qw: Allow faded altars: false
     0 | D:1      | 0 ||| qw: Do Orc after clearing Dungeon:15 true
     0 | D:1      | 0 ||| qw: Do second Lair branch before Depths: true
     0 | D:1      | 0 ||| qw: Lair rune preference: random
     0 | D:1      | 0 ||| qw: Goals: Normal
     0 | D:1      | 0 ||| PLANNING D:1-11
   110 | D:1      | Reached skill level 3 in Ranged Weapons
   123 | D:1      | Reached XP level 2. HP: 23/23 MP: 2/2
   413 | D:1      | 413 ||| UPGRADING to +0 leather armour.
   423 | D:1      | 423 ||| DROPPING +0 robe.
   424 | D:1      | 424 ||| READING scroll labelled KURGHU ZA JOWN.
   425 | D:1      | 425 ||| READING scroll labelled TAXKOH GOLUMN.
   426 | D:1      | 426 ||| READING scroll labelled YXZETO RIQU.
   427 | D:1      | 427 ||| READING scroll labelled VISUGEY ROENAI.
   473 | D:1      | 473 ||| DROPPING scroll of poison.
   533 | D:2      | Noticed Terence
   544 | D:2      | HP: 5/24 [Terence/+3 hand axe (4)]
   545 | D:2      | Killed Terence
   546 | D:2      | Reached skill level 3 in Fighting
   546 | D:2      | Reached XP level 3. HP: 7/31 MP: 3/3
   703 | D:2      | Noticed Jessica
   708 | D:2      | Killed Jessica
   709 | D:2      | Reached XP level 4. HP: 38/38 MP: 4/4
   830 | D:2      | Reached skill level 4 in Ranged Weapons
   986 | D:2      | 986 ||| Stepping ~*~*~tactically~*~*~ (outnumbered).
   988 | D:2      | 988 ||| Stepping ~*~*~tactically~*~*~ (outnumbered).
   996 | D:2      | HP: 9/38 [gnoll/+0 club (3)]
   998 | D:2      | HP: 3/38 [gnoll/+0 club (6)]
   998 | D:2      | Slain by a gnoll

Levels and vault maps discovered:
D:1:      amcnicky_arrival_flooded_fountain, layout_rooms
D:2:      layout_basic, uniq_jessica, uniq_terence

Skill      XL: |  1  2  3  4 |
---------------+-------------+-----
Ranged Weapons | 3 4 |  4.3
Fighting       | 3 |  3.2
Dodging        | |  2.1
Spellcasting   | |  1.0
Hexes          | |  2.0

Action                     |  1- 3 |  4- 6 || total
---------------------------+-------+-------++-------
   Fire: Sling             |    44 |    38 ||    82
    Use: Scroll            |     4 |       ||     4
 Armour: Robe              |     3 |       ||     3
         Leather armour    |       |     8 ||     8
  Dodge: Dodged            |    10 |    29 ||    39

Table legend:
 A = Non-vault XP
 B = Vault XP
 C = Vault XP percentage of total XP
 D = Non-vault monster count
 E = Vault monster count
 F = Vault count percentage of total count
                 A         B        C        D         E       F
            +---------+---------+-------+---------+---------+-------
      Total |      62 |      73 |  54.1 |      32 |       2 |   5.9
            +---------+---------+-------+---------+---------+-------
        D:1 |      20 |       0 |   0.0 |      15 |       0 |   0.0
        D:2 |      42 |      73 |  63.5 |      17 |       2 |  10.5
            +---------+---------+-------+---------+---------+-------
